 Dungeon Crawl Stone Soup version 0.20.0-14-g326068f (webtiles) character file.

214 Revguard the Skirmisher (level 5, 0/34 HPs)
             Began as a Gargoyle Berserker on June 9, 2017.
             Was a Priest of Trog.
             Slain by gorpus's ghost (11 damage)
             ... on level 3 of the Dungeon.
             The game lasted 00:28:45 (3881 turns).

Revguard the Skirmisher (Gargoyle Berserker)        Turns: 3881, Time: 00:28:46

Health: 0/34       AC: 16    Str: 21    XL:     5   Next: 91%
Magic:  5/5        EV:  7    Int:  7    God:    Trog [***...]
Gold:   122        SH:  0    Dex: 10    Spells: 4/4 levels left

rFire    . . .     SeeInvis .   m - +0 broad axe
rCold    . . .     Gourm    .   (no shield)
rNeg     + . .     Faith    .   l - +0 plate armour
rPois    ∞         Spirit   .   (no helmet)
rElec    +         Reflect  .   i - +0 cloak
rCorr    .         Harm     .   (no gloves)
MR       .....                  (no boots)
Stlth    ..........             (no amulet)
Regen    0.2/turn               (no ring)
MPRegen  0.1/turn               (no ring)

@: flying, fainting
A: negative energy resistance 1, electricity resistance, unbreathing,
petrification resistance, rot immunity, AC +4
a: Berserk, Trog's Hand, Burn Spellbooks, Renounce Religion


You were on level 3 of the Dungeon.
You worshipped Trog.
Trog was most pleased with you.
You were fainting.

You visited 1 branch of the dungeon, and saw 3 of its levels.

You collected 122 gold pieces.

Inventory:

Hand Weapons
 a - a +0 mace
 e - a +0 whip
 f - a +2 dagger of venom
 j - a +0 hunting sling
 m - a +0 broad axe (weapon)
Missiles
 g - 54 bolts
 k - 26 stones (quivered)
 o - 53 sling bullets
Armour
 b - a +0 animal skin
 h - a +0 leather armour
 i - a +0 cloak (worn)
 l - a +0 plate armour (worn)
 p - a +0 robe
 s - a +0 robe
Scrolls
 n - 2 scrolls of remove curse
 r - a scroll of enchant weapon {unknown}
Comestibles
 d - a bread ration


   Skills:
 + Level 4.3 Fighting
 - Level 0.8 Short Blades
 * Level 2.5(3.3) Axes
 - Level 3.5(4.0) Maces & Flails
 + Level 2.7 Armour
 + Level 2.6 Dodging
 - Level 0.5 Stealth


You had 4 spell levels left.
You didn't know any spells.

Dungeon Overview and Level Annotations

Branches:
Dungeon (3/15)

Altars:
Hepliaklqana
Sif Muna
Trog

Annotations:
D:3 gorpus's ghost, amateur DECj


Innate Abilities, Weirdness & Mutations

You are resistant to torment.
Your stone body is resilient. (AC +4)
You are immune to poison.
You resist negative energy. (rN+)
You are resistant to electric shocks. (rElec)
You can survive without breathing.
You are immune to petrification.
You are immune to rotting.


Message History

You butcher the jackal corpse.
You see here a bubbling ruby potion.
Gorpus's ghost points at you and mumbles some strange words.
The magic dart hits you!
You see here a jackal corpse.
You barely miss gorpus's ghost.
Gorpus's ghost hits you but does no damage.
You blink.
Gorpus's ghost casts a spell at you. The magic dart hits you!
Gorpus's ghost hits you but does no damage.
Space warps horribly around you!
* * * LOW HITPOINT WARNING * * *
It was a potion of curing.
You feel better. Gorpus's ghost barely misses you.
It was a potion of flight.
You feel very buoyant.
You fly up into the air.
Gorpus's ghost hits you but does no damage.
Space warps horribly around you!
You die...

.#.##...####......
......_......#.#####
#####...##.###.....
##.###.#...)..#
#.###.#....$(#
#.....#.....?######
#.#####[...........
#.# #.......##.##.
#.####...!%@....##
#......†.†W.)....#
########..######.#
#..# # #..# #!.#
#... #..#. #..#.


You could see gorpus's ghost.

Vanquished Creatures
  Natasha (thrice) (D:2)
  3 adders (D:2)
  2 oozes (D:2)
  4 worms (D:2)
  2 dart slugs
  A leopard gecko (D:1)
  A ball python (D:1)
  5 giant cockroaches (D:1)
  9 goblins
  10 hobgoblins
  7 jackals
  13 kobolds
  4 quokkas (D:2)
  10 bats
  6 frilled lizards
  6 rats
  19 plants (D:1)
105 creatures vanquished.

Notes
Turn   | Place    | Note
-------+----------+-------------------------------------------
     0 | D:1      | Revguard the Gargoyle Berserker began the quest for the Orb.
     0 | D:1      | Reached XP level 1. HP: 14/14 MP: 1/1
   401 | D:1      | Reached XP level 2. HP: 15/19 MP: 2/2
  1251 | D:1      | Paralysed by fainting for 7 turns
  1274 | D:1      | Paralysed by fainting for 10 turns
  1294 | D:1      | Paralysed by fainting for 12 turns
  1390 | D:1      | Reached XP level 3. HP: 24/24 MP: 3/3
  1399 | D:1      | Reached ** piety under Trog
  2052 | D:2      | Noticed Natasha
  2062 | D:2      | Killed Natasha
  2062 | D:2      | Reached skill level 4 in Fighting
  2062 | D:2      | Reached XP level 4. HP: 16/29 MP: 4/4
  2189 | D:2      | Noticed Natasha
  2195 | D:2      | Killed Natasha
  2394 | D:2      | Reached skill level 1 in Axes
  2394 | D:2      | Reached XP level 5. HP: 27/33 MP: 5/5
  2554 | D:2      | Found a hazy altar of Hepliaklqana.
  2784 | D:2      | Found a bloodstained altar of Trog.
  2899 | D:2      | Reached *** piety under Trog
  2953 | D:2      | Noticed Natasha
  2977 | D:2      | Killed Natasha
  3801 | D:3      | Found a deep blue altar of Sif Muna.
  3872 | D:3      | Noticed gorpus's ghost (amateur DECj)
  3881 | D:3      | Slain by gorpus's ghost

Skill      XL: |  1  2  3  4  5 |
---------------+----------------+-----
Dodging        | 2 |  2.6
Fighting       | 4 |  4.3
Axes           | 1 2 |  2.5
Short Blades   | |  0.8
Maces & Flails | |  3.5
Armour         | |  2.7
Stealth        | |  0.5

Action                   |  1- 3 |  4- 6 || total
-------------------------+-------+-------++-------
Melee: Mace              |    46 |       ||    46
       Dagger            |   649 |       ||   649
       Broad axe         |       |   272 ||   272
  Use: Scroll            |       |     2 ||     2
       Potion            |       |     2 ||     2
  Eat: Bread ration      |     1 |       ||     1
       Meat ration       |     1 |       ||     1
Armor: Animal skin       |    48 |       ||    48
       Leather armour    |    13 |       ||    13
       Plate armour      |    11 |   395 ||   406
Dodge: Dodged            |   111 |   184 ||   295
